 Dungeon Crawl Stone Soup version 0.20.1-1-g8b1a95d (webtiles) character file.

67 Gremour the Skirmisher (level 3, -1/29 HPs)
             Began as a Demonspawn Monk on Sept 22, 2017.
             Slain by a gnoll
             ... wielding a +0 flail
              (5 damage)
             ... on level 1 of the Dungeon.
             The game lasted 00:07:07 (1397 turns).

Gremour the Skirmisher (Demonspawn Monk)            Turns: 1397, Time: 00:07:08

Health: -1/29      AC:  5    Str:  9    XL:     3   Next: 98%
Magic:  0/3        EV: 11    Int: 13    God:
Gold:   115        SH:  0    Dex: 16    Spells: 2/2 levels left

rFire    . . .     SeeInvis .   a - +1 falchion
rCold    . . .     Gourm    .   (no shield)
rNeg     . . .     Faith    .   j - +0 ring mail
rPois    +         Spirit   +   (no helmet)
rElec    .         Reflect  .   (no cloak)
rCorr    .         Harm     .   (no gloves)
MR       .....                  (no boots)
Stlth    +.........             (no amulet)
Regen    0.1/turn               (no ring)
MPRegen  0.1/turn               p - ring of poison resistance

@: no status effects
A: hooves 1, clever 1, weak 1, magic shield
a: no special abilities


You were on level 1 of the Dungeon.
You were hungry.

You visited 1 branch of the dungeon, and saw 2 of its levels.

You collected 115 gold pieces.

Inventory:

Hand Weapons
 a - a +1 falchion (weapon)
Armour
 j - a +0 ring mail (worn)
Jewellery
 l - an uncursed ring of teleportation
 p - a ring of poison resistance (right hand)
Scrolls
 g - a scroll of enchant weapon
 h - a scroll of blinking {unknown}
 i - a scroll of fog {unknown}
 m - a scroll of identify {unknown}
 o - a scroll of enchant armour {unknown}
Comestibles
 c - a bread ration
 f - 2 meat rations


   Skills:
 + Level 3.5 Fighting
 + Level 3.2 Long Blades
 * Level 1.2 Armour
 + Level 3.1 Dodging
 + Level 1.8 Stealth


You had 2 spell levels left.
You didn't know any spells.

Dungeon Overview and Level Annotations

Branches:
Dungeon (2/15)

Altars:


Innate Abilities, Weirdness & Mutations

When hurt, damage is shared between your health and your magic reserves.
You have large cloven feet.
Your mind is acute. (Int +2)
You are weak. (Str -2)


Message History

* * * LOW HITPOINT WARNING * * *
A hobgoblin comes into view. It is wielding a club.
The hobgoblin shouts!
There is an open door here.
There is a stone staircase leading up, spattered with blood here.
You climb upwards.
There is a stone staircase leading down here.
Unknown command.
It was a potion of mutation.
You feel extremely strange.
You feel weaker.
Your feet thicken and deform.
You feel clever. The gnoll misses you.
It was a potion of cancellation.
You feel magically purged.
You hit the gnoll but do no damage. Your kick misses the gnoll.
The gnoll is moderately wounded.
The gnoll hits you with a flail.
* * * LOW HITPOINT WARNING * * *
You hit the gnoll.
The gnoll is heavily wounded.
The gnoll hits you with a flail!
You die...

######################....
#.........[...............
#.####....############....
#.# #...>+...............
#.# #....####.#.########.
#.# #....####.#.# #. #.#
#....'....#.# #.
#.#####..g######.# #.
#........@#......# #.
#########.#.###### #####.
#.#.# #..... #.#.# #.####
#.#.##### #.#
#.#....(#####'####
#.#.....'.........
#.#.....###.......
#.................


You could see a gnoll.

Vanquished Creatures
  2 adders (D:2)
  An ooze (D:1)
  2 dart slugs (D:1)
  2 leopard geckos (D:1)
  4 bats
  4 giant cockroaches
  6 goblins
  3 jackals (D:1)
  A quokka (D:2)
  A frilled lizard (D:2)
  3 kobolds
  10 rats
39 creatures vanquished.

Notes
Turn   | Place    | Note
-------+----------+-------------------------------------------
     0 | D:1      | Gremour the Demonspawn Monk began the quest for the Orb.
     0 | D:1      | Reached XP level 1. HP: 18/18 MP: 1/1
    72 | D:1      | Gained mutation: When hurt, damage is shared between your health and your magic reserves. [demonic ancestry]
    72 | D:1      | Reached XP level 2. HP: 15/24 MP: 2/2
   665 | D:1      | Reached XP level 3. HP: 29/29 MP: 3/3
  1201 | D:2      | Reached skill level 1 in Armour
  1391 | D:1      | Gained mutation: You are weak. (Str -2) [potion of mutation]
  1391 | D:1      | Gained mutation: You have large cloven feet. [potion of mutation]
  1391 | D:1      | Gained mutation: Your mind is acute. (Int +2) [potion of mutation]
  1397 | D:1      | Slain by a gnoll

Skill      XL: |  1  2  3 |
---------------+----------+-----
Dodging        | 3 |  3.1
Long Blades    | 3 |  3.2
Armour         | 1 |  1.2
Fighting       | |  3.5
Stealth        | |  1.8

Action                   || total
-------------------------++-------
Melee: Falchion          ||   125
  Use: Scroll            ||     4
       Potion            ||     2
 Stab: Sleeping          ||     3
  Eat: Chunk             ||     1
Armor: Robe              ||     3
       Ring mail         ||    39
Dodge: Dodged            ||    99
       Rpst.: Falchion   ||    31
